Map: Romanticide LE

Players

HotKeyPlayer - Winner!

  • Race: Terran Terran
  • League: Gold
  • Spawn Location: 5:00

Geezer

  • Race: Zerg Zerg
  • League: Platinum
  • Spawn Location: 11:00

VOD

Have the link to the VOD?

Description

Time

  • Played on: Nov. 18, 2020, 8:51 a.m.
  • Length: 10:29
Show
View Real Time Build Order
Export as new Build Order

HotKeyPlayer Terran - Winner!

Build Orders:  

Get SALT Encoding   

  12  0:02  SCV  
  13  0:14  SCV  
  14  0:21  Supply Depot  
  14  0:26  SCV  
  15  0:40  Refinery  
  15  0:43  SCV  
  15  0:47  Barracks  
  16  0:55  SCV  
  17  1:07  SCV  
  17  1:11  Refinery  
  18  1:19  SCV  
  19  1:31  SCV  
  20  1:42  Factory  
  20  1:43  SCV  
  21  1:52  Supply Depot  
  21  1:55  SCV  
  22  2:06  Reaper  
  23  2:14  SCV  
  24  2:25  Command Center  
  24  2:41  Starport  
  24  2:43  SCV  
  25  2:50  Hellion  
  27  2:58  Supply Depot  
  27  3:18  Starport Tech Lab, SCV  
  28  3:26  Fusion Core  
  28  3:33  Engineering Bay  
  28  3:38  SCV  
  28  3:40  Starport  
  29  3:50  SCV  
  30  3:57  Refinery  
  30  4:02  SCV  
  31  4:05  Refinery  
  31  4:14  SCV  
  38  4:17  Battlecruiser  
  38  4:29  Starport Tech Lab  
  38  4:30  SCV  
  39  4:51  Battlecruiser  
  45  4:54  SCV  
  45  4:58  Weapon Refit  
  47  5:12  Neosteel Armor  
  46  5:15  SCV  
  47  5:27  SCV  
  48  5:40  Battlecruiser  
  54  6:07  Command Center  
  54  6:27  Supply Depot  
  54  6:49  Battlecruiser  
Show
View Real Time Build Order
Export as new Build Order

Geezer Zerg 

Build Orders: Hatch First 

Get SALT Encoding   

  12  0:01  Drone  
  13  0:13  Overlord  
  13  0:16  Drone  
  14  0:42  Hatchery  
  13  0:45  Drone  
  14  0:53  Drone x2  
  16  1:11  Spawning Pool  
  16  1:14  Extractor  
  16  1:16  Drone  
  15  1:19  Drone  
  15  1:22  Drone  
  17  1:30  Drone  
  18  1:39  Drone  
  19  1:51  Overlord  
  19  1:56  Drone  
  19  1:59  Queen  
  22  2:02  Queen  
  24  2:10  Drone x2  
  26  2:16  Drone x2  
  28  2:33  Hatchery  
  27  2:42  Drone x3  
  30  2:51  Roach Warren  
  30  2:56  Lair  
  29  3:00  Drone  
  29  3:04  Extractor  
  29  3:25  Drone x5  
  29  3:26  Drone  
  35  3:48  Drone  
  35  3:49  Drone  
  35  3:50  Roach x2  
  41  3:56  Overlord x2  
  41  3:58  Spore Crawler  
  41  4:01  Spore Crawler, Glial Reconstitution  
  39  4:04  Drone x3  
  42  4:12  Overlord  
  42  4:13  Queen  
  44  4:23  Roach x5  
  54  4:33  Roach  
  54  4:34  Spire  
  55  4:39  Roach  
  55  4:40  Roach  
  59  4:46  Drone x4  
  63  5:00  Roach  
  63  5:02  Overlord  
  63  5:03  Pneumatized Carapace  
  65  5:08  Overlord x2  
  65  5:09  Drone  
  66  5:15  Extractor  
  65  5:23  Roach x4  
  73  5:43  Overlord  
  73  5:48  Corruptor  
  75  5:54  Corruptor  
  77  6:04  Drone x9  
  86  6:13  Extractor, Corruptor  
  87  6:24  Corruptor  
  89  6:28  Drone  
  89  6:30  Spore Crawler  
  89  6:36  Corruptor  
  89  6:44  Burrow  
  79  7:05  Corruptor  
  79  7:20  Corruptor x2  
  81  7:34  Zergling x6  
  80  7:42  Corruptor  
  80  7:43  Corruptor  
  80  7:47  Spore Crawler  
  70  8:08  Corruptor  
  70  8:09  Corruptor  
  70  8:16  Spore Crawler  
  70  8:17  Spore Crawler  
  70  8:18  Spore Crawler  
  58  8:36  Spire, Zergling x6  
  55  9:02  Extractor  
  50  9:03  Extractor, Corruptor  
  50  9:04  Hatchery  
Tags
 
Add a new tag
Caveats
  • Supply blocks, unpowered buildings, or Contaminate may cause inaccurate times.
  • Supply counts are checked every 10 seconds.